 Dungeon Crawl Stone Soup version 0.29.1-2-gbd0b4ee654 (webtiles) character file.

Game seed: 4366940675843586508

65 LustLizard the Firebug (level 4, -3/35 HPs)
             Began as a Hill Orc Fire Elementalist on Nov 7, 2022.
             Slain by an iron imp (10 damage)
             ... summoned by Natasha
             ... on level 2 of the Dungeon.
             The game lasted 00:04:24 (1497 turns).

LustLizard the Firebug (Hill Orc Fire Elementalist) Turns: 1497, Time: 00:04:25

Health: -3/35      AC:  5    Str: 10    XL:     4   Next: 14%
Magic:  0/6        EV: 12    Int: 17    God:
Gold:   67         SH:  0    Dex: 11    Spells: 0/6 levels left

rFire   . . .      SeeInvis +   d - +0 dagger
rCold   . . .      Faith    .   (no shield)
rNeg    . . .      Spirit   .   a - +0 robe
rPois   .          Reflect  .   (no helmet)
rElec   .          Harm     .   k - +1 cloak
rCorr   .          Rampage  .   (no gloves)
Will    .....                   i - +0 pair of boots
Stlth   ++........              (no amulet)
HPRegen 0.11/turn               n - ring of see invisible
MPRegen 0.10/turn               (no ring)

@: slowed, very slow
A: no striking features
a: no special abilities


You were on level 2 of the Dungeon.
You visited 1 branch of the dungeon, and saw 2 of its levels.

You collected 67 gold pieces.

Inventory:

Hand Weapons
 c - a +0 club
 d - a +0 dagger (weapon)
Missiles
 j - 3 poisoned darts
Armour
 a - a +0 robe (worn)
 i - a +0 pair of boots (worn)
 k - a +1 cloak (worn)
Jewellery
 n - a ring of see invisible (left hand)
Scrolls
 f - a scroll of blinking {unknown}
 l - a scroll of identify {unknown}
 m - a scroll of amnesia {unknown}
 p - a scroll of enchant armour {unknown}
Potions
 b - a potion of magic
 e - 2 potions of flight {unknown}
 g - a potion of curing {unknown}
 h - a potion of attraction {unknown}
 o - a potion of resistance {unknown}


   Skills:
 + Level 1.2 Fighting
 - Level 1.5 Dodging
 + Level 2.0 Stealth
 + Level 1.9 Spellcasting
 * Level 2.2 Conjurations
 + Level 0.0 Hexes
 * Level 4.0 Fire Magic


You couldn't memorise any spells.
You knew the following spells:

 Your Spells              Type           Power      Damage    Failure   Level
a - Foxfire               Conj/Fire      48%        2x1d6     5%          1
b - Scorch                Fire           30%        2d7       5%          2
c - Inner Flame           Hex/Fire       8%         N/A       26%         3

Your spell library contained the following spells:

 Spells                   Type           Power      Damage    Failure   Level
 Conjure Flame            Conj/Fire      12%        6-21      16%         3
 Summon Small Mammal      Summ           4%         N/A       21%         1
 Dazzling Flash           Conj/Hex       10%        N/A       36%         3
 Flame Wave               Conj/Fire      12%        2d6       47%         4
 Call Canine Familiar     Summ           1%         N/A       52%         3
 Summon Guardian Golem    Hex/Summ       1%         N/A       52%         3
 Iskenderun's Mystic Bla  Conj/Tloc      5%         2d3       77%         4
 Starburst                Conj/Fire      6%         6d4       100%        6


Dungeon Overview and Level Annotations

Branches:
Dungeon (2/15)

Altars:

Annotations:
D:2 Natasha


Message History

Natasha casts a spell.
You closely miss Natasha.
Natasha is heavily wounded.
Natasha casts a spell at you. You resist with some effort.
You closely miss Natasha.
Natasha is heavily wounded.
Natasha barely misses you.
You barely miss Natasha.
Natasha is heavily wounded.
Natasha stares at you and mumbles some strange words.
The magic dart hits you!
Casting: Foxfire (safe; 5% risk of failure)
Confirm with . or Enter, or press ? or * to list all spells.
You conjure some foxfire!
The iron imp hits you.
Natasha stares at you and mumbles some strange words.
You resist with some effort.
You hit Natasha.
Natasha is severely wounded.
The foxfire hits the iron imp but does no damage.
The foxfire hits Natasha.
Natasha is almost dead.
Natasha casts a spell at you.
You feel yourself slow down. The iron imp hits you.
Your magical contamination has completely faded away.
You miss Natasha.
Natasha is almost dead.
Natasha howls an incantation.
Natasha shimmers violently.
Natasha mumbles some strange words.
The iron imp hits you.
* * * LOW HITPOINT WARNING * * *
Okay, then.
Okay, then.
You barely miss Natasha.
Natasha is almost dead.
Natasha closely misses you.
The crimson imp hits you but does no damage.
The iron imp hits you!
You die...

#.......######
#...#.>....#.#
.#####............###
.....................
?...##>..###.........
........##..........
..##................#
..........5.........#
....####§##h@5.....#..
.....###............#
.............##........#
#.......h###.##........#
#........###...†.........
.#..........#.........###.
.<..........#....###.##
..............#.## ...
............###.# ###.


You could see an iron imp (summoned), Natasha and a crimson imp (summoned).

Vanquished Creatures
  Natasha (D:2)
  A gnoll (D:1)
  5 ball pythons
  A bat (D:1)
  3 endoplasms (D:1)
  2 goblins (D:1)
  4 hobgoblins (D:1)
  5 kobolds
  2 quokkas
  3 frilled lizards
  2 rats (D:1)
29 creatures vanquished.

Vanquished Creatures (others)
  94 foxfires
94 creatures vanquished.

Grand Total: 123 creatures vanquished

Notes
Turn   | Place    | Note
-------+----------+-------------------------------------------
     0 | D:1      | LustLizard the Hill Orc Fire Elementalist began the quest
                  | for the Orb.
     0 | D:1      | Reached XP level 1. HP: 14/14 MP: 3/3
   135 | D:1      | Reached XP level 2. HP: 22/22 MP: 0/4
   195 | D:1      | Found a faded altar of an unknown god.
   593 | D:1      | Learned a level 2 spell: Scorch
   686 | D:1      | Reached XP level 3. HP: 25/27 MP: 2/5
  1280 | D:2      | Noticed Natasha
  1295 | D:1      | Reached skill level 1 in Fighting
  1355 | D:2      | Killed Natasha
  1356 | D:2      | Reached skill level 4 in Fire Magic
  1356 | D:2      | Reached XP level 4. HP: 35/35 MP: 1/6
  1360 | D:2      | Learned a level 3 spell: Inner Flame
  1440 | D:2      | Noticed Natasha
  1497 | D:2      | Slain by an iron imp

Illustrated notes

Levels and vault maps discovered:
D:1:      sevenhm_arrival_forest_fort_small_4, layout_basic,
          chequers_ecumenical_altar_simple_redux
D:2:      layout_rooms, uniq_natasha

Skill      XL: |  1  2  3  4 |
---------------+-------------+-----
Fighting       | 1 |  1.2
Conjurations   | 2 |  2.2
Fire Magic     | 4 |  4.0
Stealth        | 2 |  2.0
Dodging        | |  1.5
Spellcasting   | |  1.9

Action                   |  1- 3 |  4- 6 || total
-------------------------+-------+-------++-------
Melee: Club              |     3 |       ||     3
       Unarmed           |     2 |       ||     2
       Dagger            |    20 |     7 ||    27
 Cast: Foxfire           |    46 |     9 ||    55
 Stab: Sleeping          |     1 |       ||     1
Armor: Robe              |       |     1 ||     1
Dodge: Dodged            |    13 |     3 ||    16
